Map: Oceanborn LE

Players

Fullheart

  • Race: Protoss Protoss
  • Spawn Location: 5:00

DRG - Winner!

  • Race: Zerg Zerg
  • Spawn Location: 11:00

Event: ESL Spring 2024 Finals

VOD

Have the link to the VOD?

Description

Time

  • Played on: May 31, 2024, 6:42 p.m.
  • Length: 9:32

All games in this series

Show
View Real Time Build Order
Export as new Build Order

Fullheart Protoss 

Build Orders: Cannon Rush 

Get SALT Encoding   

  12  0:00  Probe  
  13  0:12  Probe  
  14  0:17  Pylon  
  14  0:24  Probe  
  15  0:35  Forge  
  15  0:38  Probe  
  16  0:48  Pylon  
  17  1:02  Pylon x2  
  16  1:11  Photon Cannon  
  16  1:15  Pylon  
  16  1:21  Gateway  
  16  1:28  Pylon  
  16  1:38  Photon Cannon  
  16  1:40  Probe  
  17  1:47  Photon Cannon  
  17  1:52  Assimilator  
  17  1:55  Probe  
  18  2:08  Assimilator, Probe  
  19  2:16  Cybernetics Core  
  19  2:20  Probe  
  20  2:36  Gateway, Probe (Chrono Boost)  
  21  2:46  Probe (Chrono Boost)  
  22  2:51  Stalker (Chrono Boost)  
  23  3:01  Shield Battery  
  23  3:06  Warp Gate  
  23  3:09  Shield Battery  
  25  3:20  Stalker (Chrono Boost)  
  27  3:27  Stalker (Chrono Boost)  
  27  3:42  Stalker  
  29  3:53  Stalker  
  31  4:04  Pylon  
  31  4:05  Pylon  
  31  4:07  Shield Battery  
  31  4:17  Photon Cannon  
  31  4:23  Stalker  
  33  4:31  Stalker  
  33  5:06  Cybernetics Core  
  28  5:38  Photon Cannon  
  28  5:43  Stalker x2  
  32  5:50  Probe  
  33  6:05  Photon Cannon  
  33  6:18  Stalker x2  
  22  6:26  Stalker x2  
  26  6:34  Robotics Facility  
  26  6:36  Gateway  
  26  6:44  Shield Battery  
  26  6:54  Pylon  
  26  7:21  Warp Prism  
  28  7:34  Sentry, Pylon  
  28  7:37  Pylon  
  30  7:55  Immortal (Chrono Boost)  
  34  8:20  Stalker  
  34  8:23  Gateway  
  36  8:38  Stalker  
  38  8:48  Gateway  
  38  9:02  Sentry  
Show
View Real Time Build Order
Export as new Build Order

DRG Zerg - Winner!

Build Orders: Hatch First, Ravager All-In 

Get SALT Encoding   

  12  0:00  Drone  
  13  0:11  Overlord  
  13  0:17  Drone  
  14  0:29  Drone x2  
  14  0:33  Drone  
  17  0:51  Hatchery  
  17  0:55  Drone  
  17  0:58  Drone  
  18  1:08  Drone  
  19  1:21  Spawning Pool  
  19  1:25  Drone  
  19  1:30  Drone  
  20  1:38  Drone  
  20  1:48  Extractor  
  20  1:49  Drone, Extractor  
  20  2:04  Overlord  
  20  2:07  Hatchery  
  19  2:14  Roach Warren, Queen  
  20  2:20  Drone  
  21  2:30  Drone  
  21  2:33  Drone  
  23  2:49  Queen, Overlord  
  25  2:55  Roach  
  27  3:05  Roach  
  29  3:15  Ravager, Roach  
  29  3:17  Metabolic Boost  
  32  3:23  Roach  
  32  3:24  Roach  
  32  3:27  Ravager  
  37  3:30  Roach  
  37  3:34  Zergling x2  
  40  3:35  Zergling x2  
  41  3:44  Ravager  
  41  3:48  Zergling x2  
  43  3:56  Overlord  
  43  4:00  Overlord  
  43  4:01  Ravager  
  44  4:09  Overlord  
  44  4:14  Ravager  
  44  4:15  Zergling x2  
  44  4:16  Zergling x4  
  48  4:24  Zergling x4  
  50  4:28  Ravager  
  51  4:39  Roach x2  
  51  4:41  Zergling x4  
  54  4:52  Zergling x2  
  53  4:54  Zergling x6  
  55  5:05  Overlord  
  45  5:24  Ravager  
  45  5:25  Roach  
  48  5:30  Roach x2  
  48  5:31  Zergling x4  
  53  5:38  Roach x2  
  56  5:48  Ravager  
  57  5:50  Ravager  
  57  5:51  Ravager  
  57  5:52  Overlord  
  59  5:57  Zergling x2  
  59  6:00  Zergling x4  
  59  6:03  Overlord  
  54  6:12  Zergling x2  
  48  6:21  Zergling x2  
  49  6:27  Ravager x2  
  49  6:31  Zergling x8  
  54  6:48  Hatchery  
  53  6:56  Spore Crawler  
  53  6:59  Zergling x4  
  54  7:06  Zergling x2  
  55  7:11  Zergling x4  
  56  7:28  Drone x2  
  55  7:41  Drone  
  55  7:42  Drone  
  55  7:44  Hatchery, Drone  
  57  7:50  Drone  
  58  7:56  Roach  
  60  8:00  Roach x2  
  64  8:07  Roach  
  64  8:12  Overlord  
  66  8:21  Overlord  
  66  8:25  Roach x2  
  69  8:35  Ravager  
  69  8:36  Zergling x10  
  75  8:42  Zergling x4  
  75  8:46  Zergling x2  
  75  8:47  Zergling x2  
  79  8:51  Zergling x2  
  80  8:56  Zergling x4  
  82  9:05  Roach x2  
  86  9:10  Zergling x6  
  86  9:14  Zergling x4  
Tags
 
Add a new tag
Caveats
  • Supply blocks, unpowered buildings, or Contaminate may cause inaccurate times.
  • Supply counts are checked every 10 seconds.